 Dungeon Crawl Stone Soup version 0.23-a0-396-g5214e5f (webtiles) character file.

2163 MisterFreud the Gouger (level 9, -3/37 HPs)
             Began as a Felid Transmuter on Nov 2, 2018.
             Was a Follower of Nemelex Xobeh.
             Slain by a yak (15 damage)
             ... on level 9 of the Dungeon.
             The game lasted 00:30:46 (7494 turns).

MisterFreud the Gouger (Felid Transmuter)           Turns: 7494, Time: 00:30:47

Health: -3/37      AC:  2    Str: 10    XL:     9   Next: 10%
Magic:  12/16      EV: 24    Int: 15    God:    Nemelex Xobeh [*.....]
Gold:   567        SH:  0    Dex: 19    Spells: 2/16 levels left
                                        Lives:  0   Deaths: 3

rFire    . . .     SeeInvis +     - Unarmed
rCold    . . .     Gourm    .   (shield unavailable)
rNeg     . . .     Faith    .   (armour unavailable)
rPois    .         Spirit   .   (helmet unavailable)
rElec    .         Reflect  .   (cloak unavailable)
rCorr    +         Harm     .   (gloves unavailable)
MR       +....                  (boots unavailable)
Stlth    ++........             f - amulet of regeneration
HPRegen  0.52/turn              j - +3 ring of strength
MPRegen  0.15/turn              k - ring of resist corrosion

@: blade paws, quick
A: very small, no armour, no weapons or thrown items, stealth, claws 1, fangs 3,
see invisible, carnivore, speed 1, shaggy fur 2, slow metabolism 1
a: End Transformation, Renounce Religion


You were on level 9 of the Dungeon.
You worshipped Nemelex Xobeh.
Nemelex Xobeh was aware of your devotion.
You were completely stuffed.
You had blades for front paws.
You visited 1 branch of the dungeon, and saw 9 of its levels.

You collected 567 gold pieces.

Inventory:

Missiles
 a - 207 arrows
Jewellery
 f - an amulet of regeneration (around neck)
 h - an uncursed amulet of magic regeneration
 j - a +3 ring of strength (left scythe-like blade)
 k - a ring of resist corrosion (right scythe-like blade)
 p - a +3 amulet of reflection {unknown}
 r - an uncursed amulet of the acrobat {unknown}
Wands
 o - a wand of paralysis (8)
 u - a wand of random effects (4)
Scrolls
 m - 4 scrolls of teleportation
 v - 2 scrolls of remove curse
 y - a scroll of noise {unknown}
 A - a scroll of brand weapon {unknown}
 B - a scroll of enchant armour {unknown}
Potions
 b - a potion of brilliance {unknown}
 d - 3 potions of lignification
 e - 2 potions of agility
 g - a potion of magic {unknown}
 i - a potion of haste {unknown}
 l - a potion of curing {unknown}
 n - 5 potions of might
 q - 2 potions of heal wounds {unknown}
 s - a potion of flight {unknown}
 t - a potion of mutation {unknown}
 x - a potion of ambrosia
 z - a potion of resistance
Miscellaneous
 w - a plain deck of escape {drawn: 3}
Comestibles
 c - 23 rations
 C - a chunk of flesh


   Skills:
 - Level 3.0 Fighting
 - Level 8.0 Dodging
 - Level 5.1 Stealth
 + Level 10.3 Unarmed Combat
 - Level 4.0 Spellcasting
 - Level 6.0 Charms
 - Level 8.3 Transmutations
 - Level 6.0 Evocations


You had 2 spell levels left.
You knew the following spells:

 Your Spells              Type           Power        Failure   Level  Hunger
a - Beastly Appendage     Tmut           ####..       13%         1    None
b - Sticks to Snakes      Tmut           ####....     14%         2    ##.....
c - Spider Form           Tmut/Pois      ###.......   45%         3    ###....
d - Blade Hands           Tmut           ####......   58%         5    ######.
e - Ozocubu's Armour      Chrm/Ice       ##......     56%         3    ###....

Your spell library contained the following spells:

 Spells                   Type           Power        Failure   Level  Hunger
 Shroud of Golubria       Chrm/Tloc      ##........   41%         2    ##.....
 Apportation              Tloc           #.....       61%         1    None
 Freeze                   Ice            #...         61%         1    None
 Throw Frost              Conj/Ice       #.....       69%         2    ##.....
 Ice Form                 Ice/Tmut       ###.....     75%         4    ####...
 Alistair's Intoxication  Tmut/Pois      ###.....     95%         5    ######.
 Summon Ice Beast         Ice/Summ       #.......     99%         4    ####...
 Throw Icicle             Conj/Ice       #.......     99%         4    ####...
 Malign Gateway           Summ/Tloc      #.........   100%        7    #######


Dungeon Overview and Level Annotations

Branches:
Dungeon (9/15)             Temple (0/1) D:7
   Lair: D:8-11         Orc: D:9-12

Altars:
Ashenzari
Cheibriados
Fedhas
Makhleb
Nemelex Xobeh
Qazlal
Vehumet
Wu Jian

Annotations:
D:2 1 runed door


Innate Abilities, Weirdness & Mutations

You cannot wear armour.
You are incapable of wielding weapons or throwing items.
Your paws allow you to move quietly. (Stealth)
You have sharp claws.
You have razor-sharp teeth.
You have supernaturally acute eyesight. (SInv)
You are carnivorous and can eat meat at any time.
You cover ground quickly.
You are covered in thick fur. (AC +2)
You have a slow metabolism.
((Your sharp claws are effective at attacking unaware monsters.))


Message History

The yak closely misses you.
You slash the yak!
You kill the yak!
Training target 6.0 for Charms reached!
Your Charms skill increases to level 6!
Welcome back to level 9!
You slash the yak!
The yak is heavily wounded.
The yak misses you.
You hit the yak but do no damage.
The yak is heavily wounded.
You slash the yak! You slash the yak, but do no damage.
The yak is severely wounded.
The yak completely misses you.
You slice the yak!!
You kill the yak!
You slash the yak!
The yak is heavily wounded.
The yak gores you!
You die...
Your body disappears without a glow.

## ##.# #..## #.Y.#
#############.#
#(........@Y..#
#.#######.###.#
#.#######.###.#
#......##.#...#
#.........#.########## ##
#...........###......#####^
##>.......................O.
#...#...###.รท.........######
##.#.#...(<#.###.#.#.......


You could see a yak.

Vanquished Creatures
  A two-headed ogre (D:8)
  2 hippogriffs
  3 hogs (D:7)
  Sigmund (D:6)
  9 yaks
  Grum (D:8)
  A human (D:7)
  An ice beast (D:7)
  A hornet zombie (D:8)
  An orc warrior (D:8)
  2 sky beasts (D:8)
  An ogre (D:7)
  4 wolves
  A phantom (D:6)
  7 centaurs
  A crocodile (D:9)
  A bullfrog (D:6)
  A big kobold (D:8)
  5 killer bees (D:8)
  5 scorpions
  5 wights (D:8)
  4 electric eels
  4 howler monkeys
  2 crimson imps
  5 hounds
  4 jellies
  4 orc priests
  A bullfrog skeleton (D:4)
  3 iguanas
  3 iron imps (D:4)
  Ijyb (D:5)
  6 orc wizards
  6 worker ants
  A hound zombie (D:6)
  2 worker ant zombies (D:6)
  12 gnolls
  A howler monkey skeleton (D:6)
  9 adders
  3 shadow imps
  An ooze (D:6)
  3 worms
  3 dart slugs
  3 leopard geckos
  28 orcs
  5 giant cockroaches
  10 goblins
  5 hobgoblins
  8 jackals
  15 kobolds
  3 quokkas
  6 bats
  4 frilled lizards
  A jackal skeleton (D:8)
  A leopard gecko skeleton (D:6)
  A quokka zombie (D:8)
  10 rats
232 creatures vanquished.

Vanquished Creatures (collateral kills)
  2 adders
  A worm (D:2)
  A rat (D:3)
4 creatures vanquished.

Vanquished Creatures (others)
  A centaur skeleton (D:9)
  An orc (D:8)
2 creatures vanquished.

Grand Total: 238 creatures vanquished

Notes
Turn   | Place    | Note
-------+----------+-------------------------------------------
     0 | D:1      | MisterFreud the Felid Transmuter began the quest for the
                  | Orb.
     0 | D:1      | Reached XP level 1. HP: 9/9 MP: 4/4
    33 | D:1      | Reached skill level 1 in Stealth
    90 | D:1      | Reached XP level 2. HP: 5/12 MP: 4/6
   351 | D:1      | Learned a level 2 spell: Sticks to Snakes
   633 | D:1      | Reached XP level 3. HP: 15/15 MP: 5/7
   638 | D:1      | Learned a level 3 spell: Spider Form
  1020 | D:2      | Reached skill level 5 in Stealth
  1038 | D:2      | Reached XP level 4. HP: 19/19 MP: 5/8
  1180 | D:2      | Found a runed door.
  1311 | D:2      | Found a faded altar of an unknown god.
  1741 | D:3      | Found a radiant altar of Vehumet.
  2076 | D:3      | Reached XP level 5. HP: 24/24 MP: 9/9
  2218 | D:4      | Reached skill level 4 in Unarmed Combat
  2366 | D:4      | Gained mutation: You are covered in thick fur. (AC +2)
                  | [Felid growth]
  2366 | D:4      | Reached XP level 6. HP: 15/28 MP: 2/10
  2570 | D:4      | Reached skill level 5 in Unarmed Combat
  2838 | D:4      | Found a burning altar of Makhleb.
  2881 | D:4      | Reached skill level 6 in Unarmed Combat
  3023 | D:5      | Entered Level 5 of the Dungeon
  3044 | D:5      | Reached XP level 7. HP: 22/31 MP: 6/11
  3145 | D:5      | Noticed a hippogriff
  3168 | D:5      | Killed a hippogriff
  3175 | D:4      | Reached skill level 5 in Transmutations
  3415 | D:5      | Noticed Ijyb
  3422 | D:5      | Killed Ijyb
  3743 | D:6      | Found a shattered altar of Ashenzari.
  3870 | D:6      | Reached XP level 8. HP: 28/34 MP: 9/12
  3882 | D:6      | Learned a level 5 spell: Blade Hands
  3903 | D:6      | Reached skill level 5 in Dodging
  4072 | D:6      | Found a sparkling altar of Nemelex Xobeh.
  4080 | D:6      | Became a worshipper of Nemelex Xobeh the Trickster
  4240 | D:6      | Found a snail-covered altar of Cheibriados.
  4241 | D:6      | Received a gift from Nemelex Xobeh
  4245 | D:6      | Noticed Sigmund
  4266 | D:6      | Killed Sigmund
  4341 | D:6      | You fall through a shaft!
  4740 | D:7      | Identified Asairgh's Collected Works on Displaced Changing
  4951 | D:7      | Received a gift from Nemelex Xobeh
  5180 | D:7      | Found a staircase to the Ecumenical Temple.
  5226 | D:7      | Reached XP level 9. HP: 30/37 MP: 12/16
  5249 | D:7      | HP: 1/37 [hog (8)]
  5250 | D:7      | Mangled by a hog
  5251 | D:7      | Reached XP level 8. HP: -12/34 MP: 12/15
  5293 | D:7      | Reached skill level 1 in Evocations
  5433 | D:7      | Found a blossoming altar of Fedhas.
  5439 | D:7      | Reached * piety under Nemelex Xobeh
  5589 | D:8      | Found a stormy altar of Qazlal.
  5609 | D:7      | Reached skill level 7 in Unarmed Combat
  5754 | D:8      | Reached XP level 9. HP: 37/37 MP: 13/16
  5759 | D:8      | Noticed Grum
  5826 | D:8      | Noticed a two-headed ogre
  5843 | D:8      | Killed a two-headed ogre
  5843 | D:8      | Reached skill level 8 in Unarmed Combat
  5843 | D:8      | Reached skill level 5 in Evocations
  5894 | D:8      | Killed Grum
  6392 | D:8      | Learned a level 3 spell: Ozocubu's Armour
  6441 | D:8      | Reached skill level 9 in Unarmed Combat
  6461 | D:8      | Reached skill level 1 in Charms
  6480 | D:8      | Reached XP level 10. HP: 35/42 MP: 13/17
  6543 | D:8      | Found an ornate altar of the Wu Jian Council.
  6959 | D:9      | Noticed a two-headed ogre
  6966 | D:9      | Mangled by a two-headed ogre
  6967 | D:9      | Reached XP level 9. HP: -6/37 MP: 12/16
  7192 | D:9      | Reached skill level 5 in Charms
  7204 | D:9      | Reached skill level 10 in Unarmed Combat
  7329 | D:9      | Demolished by a two-headed ogre
  7330 | D:9      | Reached XP level 8. HP: -19/34 MP: 14/15
  7489 | D:9      | Reached XP level 9. HP: 9/37 MP: 11/16
  7494 | D:9      | Slain by a yak

Vault maps used:
D:1:      tarquinn_simple_flora_water_f, st_stairs_12, chequers_decorated_corner
D:2:      chequers_ecumenical_altar_twisty, uniq_crazy_yiuf_cottage
D:3:      vehumet_crystals, first_ration
D:4:      demons_altar
D:5:      uniq_ijyb
D:6:      nemelex_altar_shiori, lemuel_crystal_altar, basic_altar,
          nrook_pool_corridor, uniq_sigmund
D:7:      fedhas_altar_2, minmay_temple_entry_junction, grunt_livestock
D:8:      lemuel_crystal_altar, kennysheep_path_1, grunt_qazlal_clouds,
          uniq_grum
D:9:      lemuel_flame_loot_2, serial_curves, eino_curves_03, eino_curves_02,
          eino_curves_04

Skill      XL: |  1  2  3  4  5  6  7  8  9 10 |
---------------+-------------------------------+-----
Stealth        | 2 4 5 |  5.1
Fighting       | 3 |  3.0
Unarmed Combat | 4 6 7 10 | 10.3
Transmutations | 6 8 |  8.3
Dodging        | 4 8 |  8.0
Spellcasting   | 4 |  4.0
Evocations     | 3 6 |  6.0
Charms         | 6 5 3 |  6.0

Action                   |  1- 3 |  4- 6 |  7- 9 | 10-12 || total
-------------------------+-------+-------+-------+-------++-------
Melee: Unarmed           |    82 |   142 |   407 |    23 ||   654
       Headbutt          |     8 |    16 |       |       ||    24
       Bite              |     3 |    11 |    17 |     2 ||    33
       Punch             |     1 |     1 |     4 |     1 ||     7
 Cast: Beastly Appendage |    21 |    15 |       |       ||    36
       Sticks to Snakes  |     1 |     8 |       |       ||     9
       Spider Form       |       |     5 |    36 |       ||    41
       Blade Hands       |       |       |    15 |     5 ||    20
Evoke: Deck              |       |       |    14 |       ||    14
       Wand              |       |       |     4 |     6 ||    10
  Use: Scroll            |       |     4 |     6 |       ||    10
 Stab: Sleeping          |     7 |    17 |    15 |       ||    39
       Distracted        |     1 |     1 |       |       ||     2
  Eat: Chunk             |     8 |     5 |    35 |       ||    48
Armor: Skin              |     3 |     4 |    13 |       ||    20
Dodge: Dodged            |    47 |   145 |   430 |    14 ||   636

Table legend:
 A = Non-vault XP
 B = Vault XP
 C = Vault XP percentage of total XP
 D = Non-vault monster count
 E = Vault monster count
 F = Vault count percentage of total count
                 A         B        C        D         E       F
            +---------+---------+-------+---------+---------+-------
      Total |    8189 |    2005 |  19.7 |     219 |      17 |   7.2
            +---------+---------+-------+---------+---------+-------
        D:1 |      38 |       4 |   9.5 |      21 |       2 |   8.7
        D:2 |      71 |       0 |   0.0 |      22 |       0 |   0.0
        D:3 |      91 |       0 |   0.0 |      29 |       0 |   0.0
        D:4 |     425 |     118 |  21.7 |      18 |       3 |  14.3
        D:5 |     384 |      36 |   8.6 |       8 |       1 |  11.1
        D:6 |    1196 |     208 |  14.8 |      39 |       1 |   2.5
        D:7 |     398 |    1336 |  77.0 |       7 |       8 |  53.3
        D:8 |    3074 |     303 |   9.0 |      53 |       2 |   3.6
        D:9 |    2512 |       0 |   0.0 |      22 |       0 |   0.0
            +---------+---------+-------+---------+---------+-------
